 Dungeon Crawl Stone Soup version 0.24.0-123-gd5b16e6ec5 (webtiles) character file.

Game seed: 12616274920097443750, levelgen mode: deterministic

6759 Lothor the Slicer (level 10, -10/81 HPs)
             Began as a Grey Draconian Berserker on Feb 10, 2020.
             Was an Elder of Trog.
             Mangled by a komodo dragon (17 damage)
             ... on level 1 of the Lair of Beasts.
             The game lasted 00:45:00 (10840 turns).

Lothor the Slicer (Grey Draconian Berserker)       Turns: 10840, Time: 00:45:00

Health: -10/81     AC: 12    Str: 20    XL:     10   Next: 75%
Magic:  10/10      EV: 11    Int:  8    God:    Trog [****..]
Gold:   279        SH:  9    Dex: 13    Spells: 9/9 levels left

rFire    . . .     SeeInvis .   g - +2 long sword (flame)
rCold    . . .     Gourm    .   t - +0 shield
rNeg     . . .     Faith    .   (armour unavailable)
rPois    .         Spirit   .   (helmet restricted)
rElec    .         Reflect  .   (no cloak)
rCorr    .         Harm     .   (no gloves)
MR       .....                  (no boots)
Stlth    ++........             y - amulet of the acrobat
HPRegen  0.23/turn              (no ring)
MPRegen  0.12/turn              (no ring)

@: no status effects
A: walk through water, unfitting armour, frail 1, unbreathing, cold-blooded, AC
+12
a: Berserk, Trog's Hand, Brothers in Arms, Renounce Religion


You were on level 1 of the Lair of Beasts.
You worshipped Trog.
Trog was greatly pleased with you.
You were near starving.

You visited 3 branches of the dungeon, and saw 10 of its levels.

You collected 489 gold pieces.
You spent 210 gold pieces at shops.

Inventory:

Hand Weapons
 f - a +1 quarterstaff of draining
 g - a +2 long sword of flaming (weapon)
 j - a +3 short sword of distortion
 C - a +2 flail of protection
Missiles
 c - 5 boomerangs of dispersal (quivered)
Armour
 t - a +0 shield (worn)
Magical Staves
 u - an uncursed staff of death
 z - an uncursed staff of poison {unknown}
Jewellery
 y - an amulet of the acrobat (around neck)
 G - an uncursed amulet of rage
Scrolls
 a - a scroll of magic mapping {unknown}
 d - 10 scrolls of remove curse
 e - 7 scrolls of teleportation
 h - 2 scrolls of fear
 m - a scroll of immolation
 v - a scroll of blinking
 w - 2 scrolls of enchant armour
 A - 3 scrolls of enchant weapon
Potions
 i - a potion of might {unknown}
 k - 2 potions of resistance
 l - 2 potions of flight {unknown}
 n - a potion of brilliance
 o - a potion of mutation {unknown}
 q - a potion of lignification
 r - a potion of curing
 s - a potion of cancellation {unknown}
 x - a potion of invisibility
 B - a potion of magic
 E - a potion of heal wounds {unknown}
 F - 2 potions of haste
Comestibles
 b - 14 rations


   Skills:
 + Level 8.4 Fighting
 - Level 11.2(12.2) Short Blades
 * Level 8.4(11.0) Long Blades
 - Level 3.0 Dodging
 - Level 3.1 Stealth
 + Level 4.1 Shields


You had 9 spell levels left.
You didn't know any spells.
Your spell library was empty.

Dungeon Overview and Level Annotations

Branches:
Dungeon (8/15)             Temple (1/1) D:6            Lair (1/6) D:8

Altars:
Ashenzari
Cheibriados
Dithmenos
Elyvilon
Fedhas
Gozag
Hepliaklqana
Kikubaaqudgha
Makhleb
Nemelex Xobeh
Okawaru
Qazlal
Ru
Sif Muna
Trog
Uskayaw
Vehumet
Wu Jian
Xom
Yredelemnul
Zin
The Shining One

Shops:
D:8 (?


Innate Abilities, Weirdness & Mutations

You can walk through water.
Your dull iron-grey scales are very hard. (AC +12)
You cannot fit into any form of body armour.
You can survive without breathing.
You are cold-blooded and may be slowed by cold attacks.
You are frail. (-10% HP)


Message History

You barely miss the komodo dragon.
The komodo dragon is lightly wounded.
You closely miss the komodo dragon.
The komodo dragon is lightly wounded.
The komodo dragon bites you!!
You're too hungry.
You slash the hippogriff! You burn the hippogriff.
The hippogriff is moderately wounded.
The komodo dragon bites you!!
* * * LOW HITPOINT WARNING * * *
The hippogriff bites you.
* * * LOW HITPOINT WARNING * * *
The hippogriff closely misses you. The hippogriff claws you.
* * * LOW HITPOINT WARNING * * *
The hippogriff bites you.
* * * LOW HITPOINT WARNING * * *
The hippogriff closely misses you. The hippogriff claws you.
* * * LOW HITPOINT WARNING * * *
The komodo dragon bites you!
You die...

#####......#
............#
###.........#
##........#
#........#♣♣♣♣♣
#.............♣♣
#..............♣
#P........#♣♣♣♣♣.
##.......@#
.......Hl###
#.......k..#
............#
...............
...............
...............
...............
...............


You could see a komodo dragon, a hippogriff and a rime drake.

Vanquished Creatures
  A two-headed ogre (D:8)
  Sigmund (D:2)
  A wyvern (D:8)
  6 spriggans (Lair:1)
  A hungry ghost (D:7)
  2 water moccasins
  9 porcupines (Lair:1)
  3 sky beasts
  2 orc warriors (D:8)
  A hornet zombie (D:7)
  An ice beast (D:7)
  A phantom (D:6)
  5 ogres
  2 centaurs
  A crocodile (Lair:1)
  6 bullfrogs
  4 scorpions
  6 killer bees
  A wight (D:7)
  2 howler monkeys (D:5)
  2 bullfrog zombies (D:7)
  4 crimson imps
  A centaur zombie (D:5)
  2 jellies (D:2)
  A centaur skeleton (D:5)
  An orc priest (D:8)
  3 hounds (D:4)
  An iron imp (D:5)
  Jessica (D:2)
  6 orc wizards
  3 iguanas
  6 worker ants
  2 hound zombies
  A howler monkey skeleton (D:4)
  10 adders
  2 shadow imps (D:5)
  6 oozes (D:2)
  An adder skeleton (D:6)
  3 worms (D:2)
  A dart slug (D:2)
  5 leopard geckos
  24 orcs
  6 bats
  7 giant cockroaches
  5 goblins
  6 hobgoblins
  7 jackals (D:2)
  13 kobolds
  3 quokkas
  2 ball pythons
  7 frilled lizards
  A jackal skeleton (D:5)
  A quokka skeleton (D:5)
  6 rats
  A spectral orc (D:6)
  6 fungi (D:2)
213 creatures vanquished.

Vanquished Creatures (others)
  A komodo dragon (Lair:1)
  A spriggan (Lair:1)
  An ice beast (D:5)
  A jelly (D:2)
  A worker ant (D:8)
  2 worker ant zombies
  An ooze (D:2)
  2 fungi (D:2)
  10 toadstools (D:2)
20 creatures vanquished.

Grand Total: 233 creatures vanquished

Notes
Turn   | Place    | Note
-------+----------+-------------------------------------------
     0 | D:1      | Lothor the Draconian Berserker began the quest for the Orb.
     0 | D:1      | Reached XP level 1. HP: 19/19 MP: 1/1
    94 | D:1      | Reached XP level 2. HP: 26/26 MP: 2/2
   775 | D:2      | Reached XP level 3. HP: 4/33 MP: 3/3
  1019 | D:2      | Noticed Sigmund
  1079 | D:2      | Reached ** piety under Trog
  1513 | D:2      | Reached XP level 4. HP: 38/40 MP: 4/4
  1647 | D:2      | Reached skill level 1 in Short Blades
  1666 | D:2      | Reached XP level 5. HP: 21/47 MP: 5/5
  2006 | D:2      | Reached skill level 2 in Short Blades
  2259 | D:2      | Noticed Jessica
  2271 | D:2      | Killed Jessica
  2271 | D:2      | Reached skill level 5 in Fighting
  2399 | D:2      | Reached *** piety under Trog
  2427 | D:2      | Killed Sigmund
  2427 | D:2      | Reached skill level 3 in Short Blades
  2427 | D:2      | Reached skill level 1 in Stealth
  2427 | D:2      | Reached XP level 6. HP: 47/57 MP: 6/6
  2645 | D:2      | Found an iron altar of Okawaru.
  2854 | D:3      | Found a glowing silver altar of Zin.
  3109 | D:3      | Found a bloodstained altar of Trog.
  3627 | D:4      | Reached skill level 4 in Short Blades
  3694 | D:4      | Your scales start taking on a dull iron-grey colour.
  3694 | D:4      | Reached XP level 7. HP: 56/63 MP: 7/7
  3694 | D:4      | Gained mutation: You can survive without breathing. [Grey
                  | Draconian growth]
  4227 | D:4      | Reached skill level 5 in Short Blades
  4496 | D:5      | Entered Level 5 of the Dungeon
  4590 | D:5      | Reached **** piety under Trog
  4611 | D:5      | Reached skill level 6 in Short Blades
  4614 | D:5      | Reached XP level 8. HP: 41/71 MP: 8/8
  4865 | D:5      | Found a burning altar of Makhleb.
  4937 | D:5      | Reached skill level 7 in Short Blades
  5192 | D:5      | Found an ornate altar of the Wu Jian Council.
  5280 | D:5      | Found a snail-covered altar of Cheibriados.
  5434 | D:6      | Found a basalt altar of Yredelemnul.
  5669 | D:6      | Found a shadowy altar of Dithmenos.
  5728 | D:6      | Found a staircase to the Ecumenical Temple.
  6020 | D:6      | Reached skill level 8 in Short Blades
  6197 | Temple   | Entered the Ecumenical Temple
  6861 | D:7      | Reached skill level 1 in Shields
  6861 | D:7      | Reached XP level 9. HP: 79/79 MP: 9/9
  6876 | D:7      | Reached skill level 9 in Short Blades
  7953 | D:7      | Reached skill level 10 in Short Blades
  8034 | D:8      | Found Doseirise's Weapon Shoppe.
  8075 | D:8      | Noticed a two-headed ogre
  8103 | D:8      | Killed a two-headed ogre
  8103 | D:8      | Received a gift from Trog
  8103 | D:8      | Reached skill level 11 in Short Blades
  8361 | D:8      | Found a staircase to the Lair.
  8386 | D:8      | Gained mutation: You are frail. (-10% HP) [mutagenic glow]
  8484 | D:8      | Found Cudiguk's Magic Scroll Shoppe.
  8501 | D:8      | Reached XP level 10. HP: 55/79 MP: 10/10
  8587 | D:8      | Bought a scroll of enchant armour for 105 gold pieces
  8587 | D:8      | Bought a scroll of enchant weapon for 105 gold pieces
  9284 | D:8      | Received a gift from Trog
  9297 | D:8      | Reached skill level 5 in Long Blades
  9920 | Lair:1   | Entered Level 1 of the Lair of Beasts
 10333 | Lair:1   | Identified the cursed +0 robe "Myun Bao" {rPois rF+++ MR++
                  | Str-2 Dex+4}
 10615 | Lair:1   | Noticed a spiny frog
 10840 | Lair:1   | Mangled by a komodo dragon

Levels and vault maps discovered:
D:1:      matt_arrival_grand_opening, layout_basic
D:2:      cheibrodos_fertilizer, layout_basic, kennysheep_big_empty_room,
          kennysheep_okawaru_gauntlet, uniq_sigmund, uniq_jessica
D:3:      layout_basic, lemuel_crystal_altar, lemuel_round_altar
D:4:      layout_cave_pods, kennysheep_potato
D:5:      layout_basic, overflow_temple_1_default, slow_altar_1,
          kennysheep_mini, first_ration
D:6:      layout_loops_cross, yredelemnul_forgotten_temple_becter,
          nicolae_dithmenos_the_darkroom, minmay_temple_entry_antechambers,
          hangedman_abyss_or_decor_passed, hex_medium
D:7:      wad_guarded_room, layout_basic
D:8:      layout_rooms, lair_entry_dummy, serial_co_window_serial,
          co_window_paths_b, co_window_paths_a, co_window_paths_a,
          co_window_paths_a, co_window_paths_b, co_window_broadway_c,
          co_window_of_opportunity_b, co_window_unsneaky_path_e,
          co_window_of_opportunity_b, co_window_broadway_c, co_window_paths_d,
          glass_columns_b, glass_columns_a, glass_columns_a, serial_shops,
          shop_scrolls, shop
Temple:   regret_index_temple_generic_petals
Lair:1:   kb_forest_paths, layout_regular_city, beast_lair_carwin_7

Skill      XL: |  1  2  3  4  5  6  7  8  9 10 |
---------------+-------------------------------+-----
Dodging        | 3 |  3.0
Long Blades    | 4 8 |  8.4
Fighting       | 4 5 6 7 8 |  8.4
Short Blades   | 1 3 4 6 8 11 | 11.2
Stealth        | 1 2 3 |  3.1
Shields        | 1 3 4 |  4.1

Action                   |  1- 3 |  4- 6 |  7- 9 | 10-12 || total
-------------------------+-------+-------+-------+-------++-------
Melee: Falchion          |    96 |       |       |       ||    96
       Tailslap          |    19 |    23 |    42 |    26 ||   110
       Short sword       |     8 |   156 |   306 |       ||   470
       Long sword        |       |       |    15 |   164 ||   179
Throw: Stone             |       |     2 |       |       ||     2
Invok: Berserk           |     1 |     1 |     4 |     1 ||     7
  Use: Potion            |     1 |       |     5 |     2 ||     8
       Scroll            |       |     4 |     5 |     1 ||    10
 Stab: Sleeping          |       |     4 |     6 |       ||    10
       Distracted        |       |       |     2 |       ||     2
  Eat: Chunk             |     3 |     8 |    20 |     4 ||    35
       Ration            |       |       |       |     1 ||     1
Armor: Skin              |    30 |    34 |    86 |    47 ||   197
Dodge: Dodged            |    97 |    70 |   130 |    75 ||   372
Block: Buckler           |       |       |    18 |       ||    18
       Shield            |       |       |     9 |    61 ||    70
       Rpst.: Falchion   |    28 |       |       |       ||    28
       Long sword        |       |       |     3 |    23 ||    26
